 Dungeon Crawl Stone Soup version 0.22.0-18-ge075c0de6d (console) character file.

14131 jt the Brawler (level 12, -7/86 HPs)
             Began as a Ghoul Gladiator on Aug 19, 2018.
             Was a High Priest of Nemelex Xobeh.
             Killed by divine providence
             ... invoked by a meliai
              (8 damage)
             ... on level 6 of the Lair of Beasts.
             The game lasted 00:49:13 (9004 turns).

jt the Brawler (Ghoul Gladiator)                    Turns: 9004, Time: 00:49:14

Health: -7/86      AC: 19    Str: 20    XL:     12   Next: 13%
Magic:  4/16       EV:  4    Int:  6    God:    Nemelex Xobeh [*****.]
Gold:   566        SH:  0    Dex: 10    Spells: 11/11 levels left

rFire    + . .     SeeInvis +     - Unarmed
rCold    + . .     Gourm    .   (no shield)
rNeg     + + +     Faith    .   F - +0 plate armour
rPois    ∞         Spirit   .   b - +2 hat {SInv}
rElec    .         Reflect  .   w - +0 cloak
rCorr    .         Harm     .   i - +1 pair of gloves
MR       .....                  T - +0 pair of boots
Stlth    ..........             (no amulet)
HPRegen  0.00/turn              E - ring of see invisible
MPRegen  0.15/turn              Z - ring of protection from fire

@: petrifying (expiring), rotting, very slow
A: rotting body, claws 1, carnivore, cold resistance 1, negative energy
resistance 3, inhibited regeneration, torment resistance, unbreathing
a: Triple Draw, Deal Four, Stack Five, Renounce Religion


You were on level 6 of the Lair of Beasts.
You worshipped Nemelex Xobeh.
Nemelex Xobeh was extremely pleased with you.
You were not hungry.

You visited 3 branches of the dungeon, and saw 15 of its levels.

You collected 566 gold pieces.

Inventory:

Hand Weapons
 v - a +4 quarterstaff of chaos
 M - a +0 dagger of venom
 N - a +0 halberd
Missiles
 c - 2 throwing nets
 r - 3 poisoned tomahawks
 J - 7 steel javelins
 R - 12 tomahawks of returning (quivered)
Armour
 b - a +2 hat of see invisible (worn)
 i - a +1 pair of gloves (worn)
 w - a +0 cloak (worn)
 F - a +0 plate armour (worn)
 T - a +0 pair of boots (worn)
Jewellery
 E - a ring of see invisible (left hand)
 Z - a ring of protection from fire (right hand)
Wands
 u - a wand of acid (7)
 B - a wand of clouds (7)
 O - a wand of scattershot (11)
 Q - a wand of polymorph (10)
 W - a wand of paralysis (15)
Scrolls
 g - 9 scrolls of remove curse {unknown}
 k - 2 scrolls of summoning {unknown}
 l - a scroll of noise {unknown}
 m - 15 scrolls of identify {unknown}
 o - a scroll of enchant armour {unknown}
 p - a scroll of blinking {unknown}
 q - 2 scrolls of magic mapping {unknown}
 s - a scroll of fog {unknown}
 x - 6 scrolls of teleportation {unknown}
 K - 4 scrolls of fear {unknown}
 L - 2 scrolls of enchant weapon {unknown}
 U - a scroll of immolation {unknown}
 X - a scroll of amnesia {unknown}
Potions
 e - 2 potions of invisibility {unknown}
 f - 2 potions of haste {unknown}
 h - 3 potions of curing {unknown}
 j - 3 potions of might
 n - 2 potions of lignification {unknown}
 t - 3 potions of brilliance {unknown}
 A - 5 potions of flight {unknown}
 C - a potion of agility {unknown}
 D - a potion of cancellation {unknown}
 G - a potion of resistance {unknown}
 H - a potion of magic {unknown}
 S - 2 potions of mutation {unknown}
 Y - a potion of heal wounds {unknown}
Miscellaneous
 z - a plain deck of escape {drawn: 5}
 I - an ornate deck of destruction {drawn: 11}
Comestibles
 d - 26 rations
 P - 3 chunks of flesh


   Skills:
 - Level 2.3 Fighting
 - Level 1.7 Throwing
 + Level 6.2 Armour
 - Level 3.0 Dodging
 - Level 0.6 Stealth
 + Level 17.2 Unarmed Combat
 - Level 7.0 Invocations


You had 11 spell levels left.
You didn't know any spells.
Your spell library contained the following spells:

 Spells                   Type           Power        Failure   Level  Hunger
 Sticks to Snakes         Tmut           #.......     100%        2    ###....
 Beastly Appendage        Tmut           Unusable     N/A         1    N/A
 Spider Form              Tmut/Pois      Unusable     N/A         3    N/A
 Ice Form                 Ice/Tmut       Unusable     N/A         4    N/A
 Blade Hands              Tmut           Unusable     N/A         5    N/A

Dungeon Overview and Level Annotations

Branches:
Dungeon (8/15)             Temple (1/1) D:4            Lair (6/6) D:8
 Shoals (0/4) Lair:3
  Snake: Lair:2-4    Spider: Lair:2-4     Slime: Lair:5-6

Altars:
Ashenzari
Cheibriados
Dithmenos
Elyvilon
Fedhas
Gozag
Hepliaklqana
Kikubaaqudgha
Makhleb
Nemelex Xobeh
Okawaru
Qazlal
Ru
Sif Muna
Trog
Uskayaw
Vehumet
Wu Jian
Xom
Yredelemnul
Zin
The Shining One

Shops:
D:4 %   D:7 *

Annotations:
Lair:1 exclusion: 2 oklob plants


Innate Abilities, Weirdness & Mutations

Your body is rotting away.
You thrive on raw meat.
You are immune to poison.
You have sharp fingernails.
You are carnivorous and can eat meat at any time.
Your flesh is cold resistant. (rC+)
You are immune to negative energy. (rN+++)
You do not regenerate when monsters are visible.
You are immune to unholy pain and torment.
You can survive without breathing.


Message History

Evoke which item? (* to show all) (? for menu, Esc to quit)
Okay, then.
Press: ? - help, v - describe, . - travel
Here: a catoblepas (severely wounded, misshapen and mutated)
The floor.
Evoke which item? (* to show all) (? for menu, Esc to quit)
You draw a card...
It is the Elixir.
You begin rapidly regenerating magic.
You hear a loud, deep croak!
You hear an angry hiss.
The meliai invokes the aid of its god against you.
Something smites you!
* * * LOW HITPOINT WARNING * * *
The hornet barely misses you.
The death yak gores you but does no damage.
The yak gores you but does no damage.
The water moccasin bites you but does no damage.
The hornet stings you but does no damage.
The meliai mumbles some strange prayers to its god against you.
Something smites you!
You die...
Your body glows with a rainbow of weird colours and disappears.

.............#....#
............#....P#
..§.§§§..§§§.#....#
..§§...F§§........#
.....§...........#
.#...hhF..........#
#.§..#hFy....§.....
......HYYYh.......
...§.F§y@t%.......
...#..tSlP........
...§.§.CYk§..P.#..
.....#..§..%..##
......Y§....§##
...............
........?..P.##.
..#tY.!..P.#


You could see 4 death yaks, a catoblepas, an ettin, a hippogriff, a yak, a
basilisk, 4 blink frogs, a rime drake, a hornet shaped shifter, a water
moccasin, 3 crocodiles, a meliai and 4 wolves.

Vanquished Creatures
  An emperor scorpion (Lair:4)
  A catoblepas (Lair:6)
  Urug (Lair:2)
  Pikel (D:6)
  2 black mambas (Lair:2)
  2 spiny frogs
  A komodo dragon (Lair:1)
  A meliai (Lair:4)
  A blink frog (Lair:4)
  2 hippogriffs (Lair:3)
  4 yaks (Lair:4)
  2 wyverns
  A basilisk (Lair:4)
  2 nagas (Lair:4)
  A soldier ant (Lair:6)
  3 porcupines
  6 water moccasins
  A phantom (D:5)
  A necrophage (D:7)
  A boggart (Lair:4)
  2 centaurs
  2 crocodiles
  A big kobold (D:8)
  7 bullfrogs
  2 scorpions
  A howler monkey (D:2)
  A crimson imp (D:6)
  A lava snake (Lair:4)
  A quasit (D:6)
  2 hounds
  A bullfrog skeleton (D:5)
  A jelly (D:7)
  6 orc wizards
  2 worker ants
  2 iguanas
  A hound skeleton (D:5)
  2 howler monkey zombies (D:6)
  A howler monkey skeleton (D:4)
  4 gnolls (D:5)
  10 adders
  3 shadow imps
  An ooze (D:3)
  2 worms
  A dart slug (D:2)
  10 leopard geckos
  16 orcs
  A ball python (D:3)
  7 giant cockroaches
  12 goblins
  4 hobgoblins (D:2)
  7 jackals
  9 kobolds
  2 quokkas
  9 bats
  7 frilled lizards
  15 rats
  8 fungi
199 creatures vanquished.

Vanquished Creatures (collateral kills)
  Gastronok (Lair:1)
  A ghost moth (Lair:6)
  A queen ant (Lair:6)
  A black mamba (Lair:6)
  2 spiny frogs
  A komodo dragon (Lair:5)
  2 hippogriffs
  2 blink frogs (Lair:4)
  A yak (Lair:4)
  A basilisk (Lair:4)
  2 water moccasins
  A naga (Lair:4)
  5 porcupines
  An orc warrior (D:7)
  3 black bears (D:8)
  A crocodile (D:8)
  3 bullfrogs
  5 killer bees (D:8)
  A crimson imp (D:5)
  A jelly (D:8)
  2 orc priests
  A howler monkey skeleton (D:5)
  8 orcs
  A bat (D:5)
  A fungus (D:8)
  2 plants (D:8)
51 creatures vanquished.

Vanquished Creatures (others)
  A spiny frog (Lair:6)
  A hippogriff (Lair:6)
  A bullfrog (Lair:3)
  A leopard gecko (D:6)
  25 fungi
  5 plants
34 creatures vanquished.

Grand Total: 284 creatures vanquished

Notes
Turn   | Place    | Note
-------+----------+-------------------------------------------
     0 | D:1      | jt the Ghoul Gladiator began the quest for the Orb.
     0 | D:1      | Reached XP level 1. HP: 17/17 MP: 0/0
   161 | D:1      | Reached XP level 2. HP: 22/24 MP: 1/1
   282 | D:1      | Reached skill level 4 in Unarmed Combat
   424 | D:1      | Reached XP level 3. HP: 29/29 MP: 2/2
   983 | D:2      | Reached XP level 4. HP: 32/37 MP: 3/3
  1179 | D:2      | Reached skill level 5 in Unarmed Combat
  1349 | D:2      | Found a sparkling altar of Nemelex Xobeh.
  1357 | D:2      | Became a worshipper of Nemelex Xobeh the Trickster
  1425 | D:2      | Received a gift from Nemelex Xobeh
  1427 | D:2      | Found a runed door.
  1433 | D:2      | Noticed Crazy Yiuf
  1434 | D:2      | Noticed Crazy Yiuf
  1434 | D:2      | Crazy Yiuf changed into Crazy Yiuf the howler monkey
  1442 | D:2      | Killed Crazy Yiuf the howler monkey
  1442 | D:2      | Reached XP level 5. HP: 36/42 MP: 4/4
  1593 | D:2      | Found a bloodstained altar of Trog.
  1761 | D:2      | Reached skill level 6 in Unarmed Combat
  2170 | D:4      | Found a staircase to the Ecumenical Temple.
  2176 | Temple   | Entered the Ecumenical Temple
  2569 | D:4      | Reached * piety under Nemelex Xobeh
  2574 | D:5      | Entered Level 5 of the Dungeon
  2621 | D:4      | Found Uryzxoh's Food Shop.
  2678 | D:4      | Reached XP level 6. HP: 43/49 MP: 5/5
  2885 | D:4      | Reached skill level 7 in Unarmed Combat
  3544 | D:3      | Found a deep blue altar of Sif Muna.
  3707 | D:5      | Reached ** piety under Nemelex Xobeh
  3713 | D:5      | Noticed a sky beast
  3718 | D:5      | Noticed a porcupine
  3718 | D:5      | a sky beast changed into a porcupine
  3719 | D:5      | Killed a porcupine
  3797 | D:5      | Reached skill level 8 in Unarmed Combat
  3797 | D:5      | Reached XP level 7. HP: 56/56 MP: 6/6
  3981 | D:5      | Received a gift from Nemelex Xobeh
  4416 | D:5      | Received a gift from Nemelex Xobeh
  4448 | D:5      | Reached skill level 9 in Unarmed Combat
  4582 | D:5      | Reached skill level 10 in Unarmed Combat
  4582 | D:5      | Reached XP level 8. HP: 55/62 MP: 7/7
  4585 | D:5      | Noticed a wyvern
  4585 | D:5      | an ogre changed into a wyvern
  4588 | D:5      | Killed a wyvern
  4671 | D:6      | Noticed Pikel
  4686 | D:6      | Killed Pikel
  4686 | D:6      | Reached skill level 11 in Unarmed Combat
  5353 | D:6      | Reached skill level 12 in Unarmed Combat
  5353 | D:6      | Reached XP level 9. HP: 67/67 MP: 8/8
  5421 | D:7      | Received a gift from Nemelex Xobeh
  5431 | D:6      | Reached *** piety under Nemelex Xobeh
  5620 | D:7      | Found a glowing silver altar of Zin.
  5861 | D:7      | Found Zin's Purification Station.
  6100 | D:7      | Received a gift from Nemelex Xobeh
  6248 | D:7      | Reached skill level 13 in Unarmed Combat
  6522 | D:8      | Found a staircase to the Lair.
  6559 | D:8      | Reached skill level 14 in Unarmed Combat
  6611 | Lair:1   | Entered Level 1 of the Lair of Beasts
  6698 | Lair:1   | Reached XP level 10. HP: 59/74 MP: 9/9
  6804 | Lair:1   | Noticed an oklob plant
  6804 | Lair:1   | Noticed an oklob plant
  6908 | Lair:1   | Reached **** piety under Nemelex Xobeh
  6909 | Lair:1   | Received a gift from Nemelex Xobeh
  7088 | Lair:1   | Noticed Gastronok
  7096 | Lair:1   | Killed Gastronok
  7096 | Lair:1   | Reached skill level 15 in Unarmed Combat
  7784 | Lair:2   | Noticed a black mamba
  7785 | Lair:2   | Killed a black mamba
  7819 | Lair:2   | Noticed a black mamba
  7822 | Lair:2   | Killed a black mamba
  7837 | Lair:2   | Received a gift from Nemelex Xobeh
  7910 | Lair:2   | Reached skill level 5 in Invocations
  7986 | Lair:2   | Received a gift from Nemelex Xobeh
  8043 | Lair:2   | Noticed Urug
  8056 | Lair:2   | Killed Urug
  8264 | Lair:3   | Reached XP level 11. HP: 67/80 MP: 14/14
  8397 | Lair:3   | Found a staircase to the Shoals.
  8398 | Lair:3   | Noticed a manticore
  8443 | Lair:4   | Reached skill level 16 in Unarmed Combat
  8466 | Lair:4   | Received a gift from Nemelex Xobeh
  8482 | Lair:4   | Reached skill level 1 in Armour
  8488 | Lair:4   | Reached ***** piety under Nemelex Xobeh
  8809 | Lair:6   | Entered Level 6 of the Lair of Beasts
  8898 | Lair:4   | Noticed a death yak
  8904 | Lair:4   | Noticed an emperor scorpion
  8904 | Lair:4   | a death yak changed into an emperor scorpion
  8933 | Lair:4   | Killed an emperor scorpion
  8958 | Lair:4   | Noticed a death yak
  8962 | Lair:4   | Noticed a death yak
  8968 | Lair:4   | Noticed a death yak
  8977 | Lair:4   | You fall through a shaft for 2 floors!
  8977 | Lair:6   | Noticed a four-headed hydra
  8981 | Lair:6   | Noticed a death yak
  8982 | Lair:6   | Noticed a death yak
  8983 | Lair:6   | Reached skill level 5 in Armour
  8984 | Lair:6   | Noticed a death yak
  8984 | Lair:6   | Noticed a death yak
  8984 | Lair:6   | Noticed a death yak
  8988 | Lair:6   | Noticed a ghost moth
  8988 | Lair:6   | a death yak changed into a ghost moth
  8988 | Lair:6   | Noticed a queen ant
  8988 | Lair:6   | a death yak changed into a queen ant
  8988 | Lair:6   | Noticed a catoblepas
  8988 | Lair:6   | a death yak changed into a catoblepas
  8988 | Lair:6   | Noticed a catoblepas
  8988 | Lair:6   | a death yak changed into a catoblepas
  8988 | Lair:6   | Noticed an ettin
  8988 | Lair:6   | a four-headed hydra changed into an ettin
  8993 | Lair:6   | Killed a catoblepas
  8996 | Lair:6   | Killed a ghost moth
  8996 | Lair:6   | Reached skill level 17 in Unarmed Combat
  8996 | Lair:6   | Reached XP level 12. HP: 57/86 MP: 1/16
  8999 | Lair:6   | Noticed a death yak
  9001 | Lair:6   | Killed a queen ant
  9001 | Lair:6   | Noticed a death yak
  9004 | Lair:6   | Noticed a death yak
  9004 | Lair:6   | HP: 1/86 [meliai/divine providence (5)]
  9004 | Lair:6   | Killed from afar by a meliai

Skill      XL: |  1  2  3  4  5  6  7  8  9 10 11 12 |
---------------+-------------------------------------+-----
Unarmed Combat | 4 5 6 8 10 12 14 15 17 | 17.2
Dodging        | 3 |  3.0
Invocations    | 6 7 |  7.0
Armour         | 5 6 |  6.2
Fighting       | |  2.3
Throwing       | |  1.7
Stealth        | |  0.6

Action                   |  1- 3 |  4- 6 |  7- 9 | 10-12 || total
-------------------------+-------+-------+-------+-------++-------
Melee: Unarmed           |   107 |   199 |   246 |   155 ||   707
       Punch             |       |     5 |     9 |     5 ||    19
Throw: Throwing net      |     1 |     1 |       |       ||     2
       Stone             |       |    14 |    20 |       ||    34
       Tomahawk          |       |       |     2 |    10 ||    12
Evoke: Deck              |       |     7 |    21 |    42 ||    70
       Wand              |       |       |       |     1 ||     1
 Stab: Sleeping          |     1 |       |       |       ||     1
       Distracted        |       |     1 |       |       ||     1
  Eat: Chunk             |    12 |    31 |    46 |    55 ||   144
Armor: Leather armour    |    26 |    11 |       |       ||    37
       Chain mail        |       |    39 |   125 |    40 ||   204
       Plate armour      |       |       |       |    96 ||    96
Dodge: Dodged            |    84 |    91 |    78 |    62 ||   315
